2341 views
Uploaded 2024-03-16 02:29:42
Game version 1.36 (6115)
34:43 long 3on3 ladder game on (6)UpperKingdom
Saved by GIGA
2341 views
Uploaded 2024-03-16 02:29:42
Game version 1.36 (6115)
34:43 long 3on3 ladder game on (6)UpperKingdom


116 units @ 16.2k
/ 2.3k
125 buildings @ 17.5k
/ 7.7k


| Healing Salve | 2 | 200 |
| Scroll of Speed | 1 | 50 |
| Orb of Lightning | 1 | 375 |
| Scroll of Town Portal | 2 | 700 |
| total: | 6 | 1325g |
| Peon | 11 | 825 | / | 0 |
| Troll Headhunter | 9 | 1260 | / | 180 |
| Shaman | 4 | 520 | / | 80 |
| Tauren | 3 | 840 | / | 240 |
| Troll Berserker | 6 | 840 | / | 120 |
| Troll Witch Doctor | 4 | 580 | / | 100 |
| Demolisher | 6 | 1320 | / | 300 |
| total: | 43 | 6185g | / | 1020w |
| Watch Tower | 18 | 1980 | / | 1440 |
| Orc Burrow | 8 | 1280 | / | 320 |
| War Mill | 1 | 205 | / | 0 |
| Altar of Storms | 2 | 360 | / | 100 |
| Barracks | 1 | 180 | / | 50 |
| Voodoo Lounge | 1 | 130 | / | 30 |
| Great Hall | 1 | 385 | / | 185 |
| Spirit Lodge | 2 | 300 | / | 300 |
| Tauren Totem | 1 | 135 | / | 155 |
| Stronghold | 1 | 315 | / | 190 |
| Fortress | 1 | 325 | / | 190 |
| total: | 35 | 4955g | / | 2580w |
| 0:01 | Peon |
| 0:01 | Peon |
| 0:18 | Orc Burrow |
| 0:30 | Peon |
| 0:34 | War Mill |
| 0:40 | Peon |
| 0:48 | Altar of Storms |
| 1:03 | Barracks |
| 1:08 | Peon |
| 1:23 | Peon |
| 1:44 | Orc Burrow |
| 1:49 | Peon |
| 2:04 | Voodoo Lounge |
| 2:09 | Troll Headhunter |
| 2:15 | Peon |
| 2:30 | Troll Headhunter |
| 2:42 | Peon |
| 2:52 | Shockwave |
| 2:55 | Troll Headhunter |
| 3:26 | Troll Headhunter |
| 3:26 | Troll Headhunter |
| 3:54 | Endurance Aura |
| 3:57 | Stronghold |
| 3:59 | Healing Salve |
| 3:59 | Scroll of Speed |
| 4:16 | Orc Burrow |
| 4:30 | Troll Headhunter |
| 4:33 | Spiked Barricades |
| 4:59 | Orc Burrow |
| 5:07 | Troll Headhunter |
| 5:19 | Steel Ranged Weapons |
| 5:25 | Troll Headhunter |
| 5:52 | Troll Headhunter |
| 6:26 | Troll Regeneration |
| 6:28 | Reinforced Defenses |
| 6:29 | Fortress |
| 6:54 | Shockwave |
| 7:52 | Spirit Lodge |
| 7:54 | Spirit Lodge |
| 7:56 | Thorium Ranged Weapons |
| 8:47 | Healing Wave |
| 9:47 | Endurance Aura |
| 9:57 | Berserker Upgrade |
| 10:01 | Orc Burrow |
| 10:04 | Shaman Adept Training |
| 10:05 | Shaman |
| 10:05 | Shaman |
| 10:12 | Tauren Totem |
| 10:26 | Arcanite Ranged Weapons |
| 10:42 | Shaman |
| 10:46 | Orc Burrow |
| 11:05 | Shaman Master Training |
| 11:26 | Tauren |
| 12:10 | Troll Berserker |
| 12:10 | Troll Berserker |
| 12:11 | Tauren |
| 12:37 | Witch Doctor Adept Training |
| 12:38 | Shaman |
| 12:44 | Troll Berserker |
| 13:06 | Pulverize |
| 13:11 | Troll Witch Doctor |
| 13:46 | Hex |
| 14:07 | Witch Doctor Master Training |
| 14:09 | Troll Witch Doctor |
| 14:48 | Troll Witch Doctor |
| 14:48 | Troll Witch Doctor |
| 14:51 | Orc Burrow |
| 16:44 | Endurance Aura |
| 16:50 | Healing Wave |
| 17:03 | Troll Berserker |
| 17:03 | Troll Berserker |
| 17:03 | Troll Berserker |
| 17:34 | Scroll of Town Portal |
| 17:35 | Orb of Lightning |
| 19:08 | Watch Tower |
| 19:09 | Watch Tower |
| 19:10 | Watch Tower |
| 19:15 | Watch Tower |
| 19:52 | Watch Tower |
| 19:54 | Watch Tower |
| 20:03 | Watch Tower |
| 20:34 | Demolisher |
| 21:00 | Watch Tower |
| 21:36 | Orc Burrow |
| 22:08 | Demolisher |
| 23:24 | Healing Salve |
| 23:39 | Demolisher |
| 23:52 | Altar of Storms |
| 24:19 | Burning Oil |
| 24:48 | Demolisher |
| 25:25 | Great Hall |
| 25:34 | Watch Tower |
| 25:40 | Peon |
| 25:40 | Peon |
| 26:08 | Watch Tower |
| 26:43 | Watch Tower |
| 26:46 | Watch Tower |
| 27:09 | Watch Tower |
| 27:13 | Watch Tower |
| 27:44 | Watch Tower |
| 27:46 | Watch Tower |
| 28:47 | Watch Tower |
| 28:49 | Watch Tower |
| 28:57 | Demolisher |
| 29:16 | Scroll of Town Portal |
| 30:12 | Reincarnation |
| 33:18 | Demolisher |
| 33:19 | Tauren |
| Select group | 3049 |
| Select | 2648 |
| Right click | 1273 |
| Misc. action | 389 |
| Build/train/purchase | 85 |
| Use ability | 52 |
| Assign group | 33 |
| Item give/drop | 2 |
| Minimap ping | 1 |


| Healing Salve | 1 | 100 |
| Lesser Clarity Potion | 1 | 70 |
| total: | 2 | 170g |
| Peon | 15 | 1125 | / | 0 |
| Grunt | 5 | 1000 | / | 0 |
| Shaman | 2 | 260 | / | 40 |
| Troll Witch Doctor | 2 | 290 | / | 50 |
| Tauren | 4 | 1120 | / | 320 |
| total: | 28 | 3795g | / | 410w |
| Watch Tower | 12 | 1320 | / | 960 |
| Orc Burrow | 18 | 2880 | / | 720 |
| Altar of Storms | 7 | 1260 | / | 350 |
| Barracks | 1 | 180 | / | 50 |
| Voodoo Lounge | 1 | 130 | / | 30 |
| War Mill | 4 | 820 | / | 0 |
| Great Hall | 6 | 2310 | / | 1110 |
| Spirit Lodge | 2 | 300 | / | 300 |
| Tauren Totem | 2 | 270 | / | 310 |
| Stronghold | 2 | 630 | / | 380 |
| Fortress | 1 | 325 | / | 190 |
| total: | 53 | 9470g | / | 3830w |
| 0:04 | Peon |
| 0:11 | Orc Burrow |
| 0:21 | Altar of Storms |
| 0:24 | Peon |
| 0:35 | Peon |
| 0:40 | Altar of Storms |
| 0:47 | Peon |
| 0:56 | Peon |
| 1:09 | Barracks |
| 1:11 | Peon |
| 1:47 | Orc Burrow |
| 1:49 | Peon |
| 2:08 | Peon |
| 2:18 | Grunt |
| 2:20 | Voodoo Lounge |
| 2:29 | Feral Spirit |
| 2:56 | Grunt |
| 3:01 | Stronghold |
| 3:52 | Grunt |
| 3:55 | Orc Burrow |
| 4:01 | War Mill |
| 4:19 | Healing Salve |
| 4:20 | Lesser Clarity Potion |
| 4:52 | Grunt |
| 4:59 | Chain Lighting |
| 5:07 | Orc Burrow |
| 5:50 | Grunt |
| 5:53 | Reinforced Defenses |
| 6:18 | Pillage |
| 6:26 | Spirit Lodge |
| 6:30 | Spirit Lodge |
| 6:49 | Healing Wave |
| 7:03 | Fortress |
| 7:14 | Feral Spirit |
| 7:54 | Shaman Adept Training |
| 7:56 | Witch Doctor Adept Training |
| 7:59 | Orc Burrow |
| 9:07 | Steel Armor |
| 9:22 | Serpent Ward |
| 9:30 | Shaman |
| 9:32 | Shaman Master Training |
| 9:34 | Witch Doctor Master Training |
| 9:35 | Berserker Strength |
| 10:06 | Steel Melee Weapons |
| 10:19 | War Mill |
| 10:24 | Great Hall |
| 10:39 | Peon |
| 10:50 | Troll Witch Doctor |
| 10:50 | Shaman |
| 11:09 | Tauren Totem |
| 11:13 | Tauren Totem |
| 11:55 | Burning Oil |
| 12:19 | Chain Lighting |
| 12:21 | Troll Witch Doctor |
| 12:49 | Pulverize |
| 12:54 | Peon |
| 12:54 | Peon |
| 13:13 | Healing Wave |
| 13:42 | Thorium Armor |
| 13:44 | Tauren |
| 13:47 | Tauren |
| 14:46 | Tauren |
| 14:49 | Thorium Melee Weapons |
| 14:51 | Tauren |
| 14:55 | Orc Burrow |
| 14:58 | Orc Burrow |
| 15:17 | Orc Burrow |
| 15:21 | Orc Burrow |
| 15:25 | Peon |
| 15:25 | Peon |
| 15:25 | Peon |
| 15:26 | Peon |
| 16:33 | Watch Tower |
| 17:35 | Great Hall |
| 19:43 | Orc Burrow |
| 19:46 | Orc Burrow |
| 19:49 | Orc Burrow |
| 19:51 | Orc Burrow |
| 20:30 | War Mill |
| 20:39 | Altar of Storms |
| 20:44 | Orc Burrow |
| 20:54 | Orc Burrow |
| 21:04 | Great Hall |
| 22:11 | Altar of Storms |
| 22:15 | Watch Tower |
| 22:18 | War Mill |
| 22:22 | Watch Tower |
| 22:24 | Watch Tower |
| 22:33 | Watch Tower |
| 22:35 | Watch Tower |
| 24:34 | Watch Tower |
| 24:39 | Spiked Barricades |
| 24:42 | Watch Tower |
| 25:17 | Feral Spirit |
| 25:22 | Watch Tower |
| 25:28 | Altar of Storms |
| 25:51 | Altar of Storms |
| 26:45 | Altar of Storms |
| 27:24 | Orc Burrow |
| 27:33 | Watch Tower |
| 27:34 | Watch Tower |
| 27:35 | Watch Tower |
| 27:58 | Orc Burrow |
| 29:43 | Great Hall |
| 29:56 | Orc Burrow |
| 30:00 | Stronghold |
| 30:18 | Great Hall |
| 30:56 | Great Hall |
| 31:24 | Serpent Ward |
| Right click | 848 |
| Select group | 712 |
| Select | 521 |
| Misc. action | 139 |
| Build/train/purchase | 84 |
| Use ability | 76 |
| Assign group | 59 |
| Resource trade | 29 |
| Minimap ping | 6 |
| Esc | 5 |


| Peasant | 20 | 1500 | / | 0 |
| Footman | 2 | 270 | / | 0 |
| Rifleman | 16 | 3280 | / | 480 |
| Mortar Team | 2 | 360 | / | 140 |
| Siege Engine | 3 | 585 | / | 180 |
| Flying Machine | 2 | 200 | / | 60 |
| total: | 45 | 6195g | / | 860w |
| Scout Tower | 15 | 450 | / | 300 |
| Guard Tower | 13 | 910 | / | 650 |
| Arcane Tower | 2 | 140 | / | 100 |
| Farm | 12 | 960 | / | 240 |
| Altar of Kings | 2 | 360 | / | 100 |
| Barracks | 1 | 160 | / | 60 |
| Blacksmith | 1 | 140 | / | 60 |
| Lumber Mill | 1 | 120 | / | 0 |
| Arcane Vault | 2 | 260 | / | 60 |
| Town Hall | 1 | 385 | / | 205 |
| Workshop | 2 | 280 | / | 280 |
| Keep | 1 | 320 | / | 210 |
| Castle | 2 | 720 | / | 420 |
| total: | 37 | 3115g | / | 1305w |
| 0:08 | Farm |
| 0:13 | Altar of Kings |
| 0:14 | Peasant |
| 0:47 | Farm |
| 0:51 | Peasant |
| 0:52 | Peasant |
| 1:23 | Peasant |
| 1:23 | Peasant |
| 1:26 | Peasant |
| 1:32 | Barracks |
| 2:02 | Storm Bolt |
| 2:08 | Footman |
| 2:15 | Footman |
| 2:32 | Farm |
| 3:11 | Blacksmith |
| 3:45 | Farm |
| 4:11 | Black Gunpowder |
| 4:13 | Rifleman |
| 4:13 | Rifleman |
| 4:14 | Rifleman |
| 4:21 | Lumber Mill |
| 4:46 | Farm |
| 4:52 | Peasant |
| 5:01 | Studded Leather Armor |
| 5:17 | Scout Tower |
| 5:22 | Rifleman |
| 5:22 | Rifleman |
| 5:50 | Guard Tower |
| 5:53 | Scout Tower |
| 6:28 | Scout Tower |
| 6:30 | Arcane Tower |
| 7:00 | Arcane Vault |
| 7:02 | Arcane Vault |
| 7:19 | Keep |
| 7:39 | Bash |
| 8:13 | Farm |
| 8:57 | Farm |
| 9:01 | Rifleman |
| 9:02 | Rifleman |
| 9:02 | Rifleman |
| 9:05 | Guard Tower |
| 9:42 | Workshop |
| 9:58 | Refined Gunpowder |
| 9:58 | Reinforced Leather Armor |
| 10:06 | Improved Lumber Harvesting |
| 10:53 | Farm |
| 10:55 | Mortar Team |
| 10:59 | Mortar Team |
| 11:09 | Long Rifles |
| 11:09 | Rifleman |
| 11:09 | Rifleman |
| 11:41 | Flare |
| 11:47 | Farm |
| 12:15 | Thunder Clap |
| 12:34 | Farm |
| 12:55 | Castle |
| 13:15 | Workshop |
| 14:36 | Farm |
| 15:16 | Farm |
| 15:56 | Scout Tower |
| 16:04 | Storm Bolt |
| 18:09 | Holy Light |
| 18:15 | Guard Tower |
| 18:19 | Scout Tower |
| 18:32 | Siege Engine |
| 18:33 | Siege Engine |
| 18:34 | Siege Engine |
| 19:03 | Guard Tower |
| 19:05 | Scout Tower |
| 19:54 | Rifleman |
| 19:54 | Rifleman |
| 19:54 | Rifleman |
| 19:54 | Rifleman |
| 19:55 | Rifleman |
| 19:55 | Rifleman |
| 19:57 | Guard Tower |
| 20:00 | Scout Tower |
| 20:36 | Guard Tower |
| 20:42 | Scout Tower |
| 21:09 | Peasant |
| 21:09 | Peasant |
| 21:10 | Peasant |
| 24:48 | Town Hall |
| 26:32 | Peasant |
| 26:33 | Peasant |
| 26:33 | Peasant |
| 26:33 | Peasant |
| 26:33 | Peasant |
| 27:16 | Flying Machine |
| 27:16 | Flying Machine |
| 28:00 | Peasant |
| 28:00 | Peasant |
| 28:01 | Peasant |
| 28:01 | Peasant |
| 28:01 | Peasant |
| 29:28 | Altar of Kings |
| 29:57 | Scout Tower |
| 30:26 | Guard Tower |
| 30:30 | Scout Tower |
| 30:56 | Scout Tower |
| 31:08 | Arcane Tower |
| 32:11 | Scout Tower |
| 32:24 | Guard Tower |
| 32:28 | Scout Tower |
| 32:44 | Guard Tower |
| 33:04 | Scout Tower |
| 33:14 | Guard Tower |
| 33:43 | Scout Tower |
| 33:59 | Guard Tower |
| Right click | 1297 |
| Select | 389 |
| Build/train/purchase | 82 |
| Misc. action | 50 |
| Resource trade | 12 |
| Use ability | 7 |
| Minimap ping | 3 |
| Remove unit | 1 |
109 units @ 10.4k
/ 1.3k
154 buildings @ 13.7k
/ 6.7k


| Peasant | 24 | 1800 | / | 0 |
| Mortar Team | 3 | 540 | / | 210 |
| Flying Machine | 23 | 2300 | / | 690 |
| Dragonhawk Rider | 5 | 1000 | / | 150 |
| total: | 55 | 5640g | / | 1050w |
| Scout Tower | 17 | 510 | / | 340 |
| Arcane Tower | 3 | 210 | / | 150 |
| Guard Tower | 10 | 700 | / | 500 |
| Altar of Kings | 2 | 360 | / | 100 |
| Farm | 17 | 1360 | / | 340 |
| Lumber Mill | 2 | 240 | / | 0 |
| Town Hall | 1 | 385 | / | 205 |
| Blacksmith | 2 | 280 | / | 120 |
| Arcane Vault | 1 | 130 | / | 30 |
| Workshop | 4 | 560 | / | 560 |
| Gryphon Aviary | 1 | 140 | / | 150 |
| Keep | 1 | 320 | / | 210 |
| Castle | 1 | 360 | / | 210 |
| total: | 47 | 3965g | / | 1845w |
| 0:03 | Peasant |
| 0:05 | Altar of Kings |
| 0:06 | Peasant |
| 0:20 | Farm |
| 0:20 | Peasant |
| 0:36 | Lumber Mill |
| 0:37 | Peasant |
| 0:41 | Peasant |
| 0:47 | Farm |
| 0:57 | Peasant |
| 1:28 | Peasant |
| 1:36 | Peasant |
| 1:41 | Scout Tower |
| 1:42 | Peasant |
| 1:54 | Peasant |
| 1:56 | Improved Lumber Harvesting |
| 1:57 | Improved Masonry |
| 2:02 | Farm |
| 2:06 | Arcane Tower |
| 2:11 | Storm Bolt |
| 2:17 | Peasant |
| 2:27 | Peasant |
| 2:55 | Peasant |
| 2:57 | Scout Tower |
| 2:58 | Scout Tower |
| 3:13 | Town Hall |
| 3:23 | Scout Tower |
| 3:26 | Scout Tower |
| 3:27 | Scout Tower |
| 3:33 | Peasant |
| 3:37 | Guard Tower |
| 3:57 | Arcane Tower |
| 4:01 | Guard Tower |
| 4:03 | Scout Tower |
| 4:04 | Scout Tower |
| 4:06 | Peasant |
| 4:06 | Peasant |
| 4:46 | Keep |
| 4:52 | Guard Tower |
| 4:56 | Guard Tower |
| 5:12 | Guard Tower |
| 5:15 | Guard Tower |
| 5:32 | Blacksmith |
| 5:35 | Farm |
| 5:38 | Peasant |
| 6:44 | Peasant |
| 6:45 | Peasant |
| 6:45 | Peasant |
| 7:08 | Castle |
| 7:23 | Blacksmith |
| 7:27 | Farm |
| 7:28 | Farm |
| 7:34 | Peasant |
| 7:34 | Peasant |
| 7:36 | Advanced Masonry |
| 7:36 | Advanced Lumber Harvesting |
| 8:00 | Workshop |
| 8:01 | Workshop |
| 8:03 | Workshop |
| 8:11 | Workshop |
| 8:16 | Black Gunpowder |
| 8:16 | Iron Plating |
| 8:19 | Farm |
| 8:45 | Peasant |
| 8:45 | Peasant |
| 9:55 | Flak Cannons |
| 9:55 | Flying Machine Bombs |
| 9:55 | Fragmentation Shards |
| 9:55 | Flare |
| 10:29 | Refined Gunpowder |
| 10:29 | Steel Plating |
| 10:34 | Scout Tower |
| 10:36 | Scout Tower |
| 10:37 | Scout Tower |
| 10:39 | Mortar Team |
| 10:58 | Imbued Masonry |
| 11:06 | Guard Tower |
| 11:52 | Farm |
| 11:53 | Farm |
| 12:23 | Flying Machine |
| 12:24 | Flying Machine |
| 12:24 | Flying Machine |
| 12:24 | Flying Machine |
| 12:24 | Flying Machine |
| 12:24 | Flying Machine |
| 12:25 | Flying Machine |
| 12:25 | Flying Machine |
| 12:35 | Imbued Gunpowder |
| 13:07 | Flying Machine |
| 13:47 | Gryphon Aviary |
| 13:49 | Farm |
| 14:14 | Flying Machine |
| 14:15 | Flying Machine |
| 14:15 | Flying Machine |
| 14:15 | Flying Machine |
| 14:15 | Flying Machine |
| 14:35 | Holy Light |
| 14:47 | Mithril Plating |
| 14:51 | Farm |
| 14:53 | Farm |
| 15:23 | Farm |
| 15:24 | Farm |
| 17:24 | Divine Shield |
| 17:56 | Altar of Kings |
| 18:00 | Mortar Team |
| 18:04 | Farm |
| 18:05 | Farm |
| 18:06 | Farm |
| 18:18 | Arcane Vault |
| 19:16 | Storm Bolt |
| 19:36 | Divine Shield |
| 19:44 | Cloud |
| 19:44 | Dragonhawk Rider |
| 19:45 | Dragonhawk Rider |
| 22:29 | Scout Tower |
| 22:29 | Scout Tower |
| 22:30 | Scout Tower |
| 22:31 | Scout Tower |
| 22:31 | Scout Tower |
| 22:32 | Scout Tower |
| 23:39 | Lumber Mill |
| 24:37 | Guard Tower |
| 25:50 | Holy Light |
| 25:51 | Holy Light |
| 30:05 | Flying Machine |
| 30:05 | Flying Machine |
| 30:05 | Flying Machine |
| 30:05 | Flying Machine |
| 30:06 | Flying Machine |
| 30:06 | Flying Machine |
| 30:06 | Flying Machine |
| 30:06 | Flying Machine |
| 30:06 | Flying Machine |
| 31:02 | Mortar Team |
| 31:14 | Dragonhawk Rider |
| 33:10 | Dragonhawk Rider |
| 33:13 | Dragonhawk Rider |
| Right click | 1457 |
| Select group | 858 |
| Select | 357 |
| Misc. action | 129 |
| Build/train/purchase | 118 |
| Use ability | 97 |
| Resource trade | 23 |
| Assign group | 19 |
| Minimap ping | 13 |
| Esc | 7 |


| Healing Salve | 1 | 100 |
| total: | 1 | 100g |
| Peasant | 19 | 1425 | / | 0 |
| total: | 19 | 1425g | / | 0w |
| Scout Tower | 66 | 1980 | / | 1320 |
| Arcane Tower | 7 | 490 | / | 350 |
| Guard Tower | 16 | 1120 | / | 800 |
| Altar of Kings | 2 | 360 | / | 100 |
| Farm | 6 | 480 | / | 120 |
| Lumber Mill | 2 | 240 | / | 0 |
| Blacksmith | 1 | 140 | / | 60 |
| Town Hall | 2 | 770 | / | 410 |
| Keep | 1 | 320 | / | 210 |
| total: | 79 | 3970g | / | 2010w |
| 0:03 | Peasant |
| 0:03 | Peasant |
| 0:08 | Altar of Kings |
| 0:11 | Farm |
| 0:13 | Peasant |
| 0:21 | Peasant |
| 0:27 | Lumber Mill |
| 0:35 | Peasant |
| 0:42 | Farm |
| 0:48 | Peasant |
| 0:56 | Peasant |
| 1:16 | Improved Lumber Harvesting |
| 1:27 | Farm |
| 1:28 | Peasant |
| 1:28 | Peasant |
| 1:48 | Peasant |
| 1:58 | Scout Tower |
| 2:07 | Peasant |
| 2:07 | Peasant |
| 2:07 | Peasant |
| 2:07 | Peasant |
| 2:18 | Storm Bolt |
| 2:20 | Peasant |
| 2:22 | Improved Masonry |
| 3:01 | Scout Tower |
| 3:05 | Scout Tower |
| 3:06 | Scout Tower |
| 3:09 | Arcane Tower |
| 3:11 | Scout Tower |
| 3:12 | Peasant |
| 3:12 | Peasant |
| 3:13 | Peasant |
| 3:13 | Peasant |
| 3:30 | Scout Tower |
| 3:33 | Guard Tower |
| 3:35 | Scout Tower |
| 3:40 | Guard Tower |
| 3:43 | Scout Tower |
| 3:45 | Scout Tower |
| 4:12 | Guard Tower |
| 4:23 | Keep |
| 4:33 | Scout Tower |
| 4:35 | Scout Tower |
| 4:37 | Scout Tower |
| 4:38 | Scout Tower |
| 4:41 | Guard Tower |
| 4:43 | Arcane Tower |
| 5:27 | Guard Tower |
| 5:30 | Scout Tower |
| 5:30 | Scout Tower |
| 5:32 | Scout Tower |
| 5:36 | Scout Tower |
| 5:37 | Scout Tower |
| 5:40 | Scout Tower |
| 5:58 | Blacksmith |
| 6:06 | Farm |
| 6:13 | Guard Tower |
| 7:12 | Black Gunpowder |
| 7:19 | Arcane Tower |
| 7:21 | Scout Tower |
| 7:22 | Scout Tower |
| 7:50 | Guard Tower |
| 7:51 | Advanced Masonry |
| 7:55 | Scout Tower |
| 7:56 | Scout Tower |
| 7:58 | Scout Tower |
| 8:01 | Scout Tower |
| 8:32 | Guard Tower |
| 8:57 | Holy Light |
| 9:48 | Guard Tower |
| 9:50 | Scout Tower |
| 9:51 | Scout Tower |
| 10:02 | Scout Tower |
| 10:03 | Scout Tower |
| 10:08 | Lumber Mill |
| 10:27 | Scout Tower |
| 10:37 | Scout Tower |
| 10:37 | Scout Tower |
| 10:38 | Scout Tower |
| 10:54 | Healing Salve |
| 11:04 | Scout Tower |
| 11:06 | Scout Tower |
| 11:07 | Scout Tower |
| 11:09 | Arcane Tower |
| 11:11 | Guard Tower |
| 11:13 | Scout Tower |
| 11:15 | Scout Tower |
| 11:18 | Scout Tower |
| 11:19 | Scout Tower |
| 11:21 | Arcane Tower |
| 11:24 | Scout Tower |
| 11:46 | Arcane Tower |
| 11:51 | Arcane Tower |
| 11:55 | Guard Tower |
| 13:25 | Guard Tower |
| 13:39 | Guard Tower |
| 13:54 | Scout Tower |
| 13:55 | Scout Tower |
| 14:02 | Scout Tower |
| 14:03 | Scout Tower |
| 14:03 | Scout Tower |
| 14:51 | Guard Tower |
| 17:51 | Altar of Kings |
| 17:55 | Farm |
| 17:56 | Farm |
| 19:08 | Storm Bolt |
| 25:53 | Bash |
| 29:17 | Town Hall |
| 29:19 | Town Hall |
| 30:20 | Scout Tower |
| 30:22 | Scout Tower |
| 30:23 | Scout Tower |
| 30:25 | Scout Tower |
| 30:45 | Scout Tower |
| 30:46 | Scout Tower |
| 31:16 | Guard Tower |
| 32:02 | Guard Tower |
| 33:54 | Scout Tower |
| 33:55 | Scout Tower |
| 33:56 | Scout Tower |
| 33:56 | Scout Tower |
| 33:57 | Scout Tower |
| 33:58 | Scout Tower |
| 33:58 | Scout Tower |
| 33:59 | Scout Tower |
| 34:00 | Scout Tower |
| 34:00 | Scout Tower |
| 34:01 | Scout Tower |
| 34:01 | Scout Tower |
| 34:02 | Scout Tower |
| 34:03 | Scout Tower |
| Right click | 2347 |
| Select group | 1803 |
| Select | 385 |
| Build/train/purchase | 110 |
| Use ability | 26 |
| Minimap ping | 26 |
| Assign group | 25 |
| Misc. action | 3 |
| Remove unit | 1 |
| Esc | 1 |
Cabeelibob
(194)
(34:36) : 
| Healing Salve | 3 | 300 |
| Potion of Healing | 1 | 150 |
| Lesser Clarity Potion | 4 | 280 |
| Orb of Lightning | 1 | 375 |
| Potion of Mana | 1 | 200 |
| Scroll of Town Portal | 1 | 350 |
| total: | 11 | 1655g |
| Peon | 27 | 2025 | / | 0 |
| Kodo Beast | 1 | 255 | / | 60 |
| Troll Witch Doctor | 7 | 1015 | / | 175 |
| total: | 35 | 3295g | / | 235w |
| Watch Tower | 11 | 1210 | / | 880 |
| Altar of Storms | 1 | 180 | / | 50 |
| Orc Burrow | 4 | 640 | / | 160 |
| War Mill | 1 | 205 | / | 0 |
| Voodoo Lounge | 1 | 130 | / | 30 |
| Great Hall | 8 | 3080 | / | 1480 |
| Spirit Lodge | 1 | 150 | / | 150 |
| Beastiary | 1 | 145 | / | 140 |
| Stronghold | 1 | 315 | / | 190 |
| Fortress | 1 | 325 | / | 190 |
| total: | 28 | 5740g | / | 2890w |
| 0:03 | Altar of Storms |
| 0:06 | Orc Burrow |
| 0:07 | Peon |
| 0:16 | Peon |
| 0:25 | Peon |
| 0:38 | Peon |
| 0:44 | Peon |
| 0:55 | Peon |
| 1:05 | Peon |
| 1:17 | Peon |
| 1:32 | War Mill |
| 1:53 | Orc Burrow |
| 2:16 | Voodoo Lounge |
| 2:26 | Wind Walk |
| 2:29 | Peon |
| 2:54 | Peon |
| 2:54 | Peon |
| 3:08 | Watch Tower |
| 3:10 | Watch Tower |
| 3:25 | Watch Tower |
| 3:28 | Healing Salve |
| 3:40 | Spiked Barricades |
| 4:16 | Watch Tower |
| 4:22 | Stronghold |
| 5:16 | Orc Burrow |
| 5:36 | Critical Strike |
| 5:38 | Bash |
| 5:40 | Bash |
| 8:19 | Watch Tower |
| 8:21 | Watch Tower |
| 8:22 | Watch Tower |
| 8:24 | Fortress |
| 8:28 | Spirit Lodge |
| 8:31 | Beastiary |
| 8:44 | Potion of Healing |
| 8:47 | Healing Salve |
| 8:49 | Lesser Clarity Potion |
| 9:55 | Witch Doctor Adept Training |
| 9:58 | Orc Burrow |
| 10:00 | Kodo Beast |
| 10:10 | Watch Tower |
| 10:10 | Watch Tower |
| 10:13 | Lesser Clarity Potion |
| 10:16 | Healing Salve |
| 10:19 | Reinforced Defenses |
| 10:19 | Improved Spiked Barricades |
| 11:30 | Watch Tower |
| 11:33 | Watch Tower |
| 12:21 | Witch Doctor Master Training |
| 12:21 | Troll Witch Doctor |
| 12:21 | Troll Witch Doctor |
| 12:21 | Troll Witch Doctor |
| 12:22 | Troll Witch Doctor |
| 12:40 | Troll Witch Doctor |
| 12:40 | Troll Witch Doctor |
| 13:41 | Troll Witch Doctor |
| 14:28 | Orb of Lightning |
| 15:13 | Scroll of Town Portal |
| 16:11 | Critical Strike |
| 17:22 | Great Hall |
| 19:25 | Wind Walk |
| 20:45 | Great Hall |
| 22:16 | Great Hall |
| 22:52 | Shaman Adept Training |
| 25:09 | Great Hall |
| 25:20 | Peon |
| 25:20 | Peon |
| 25:20 | Peon |
| 25:20 | Peon |
| 26:19 | Peon |
| 26:23 | Peon |
| 26:28 | Great Hall |
| 26:34 | Lesser Clarity Potion |
| 27:40 | Great Hall |
| 27:51 | Great Hall |
| 27:57 | Peon |
| 27:57 | Peon |
| 27:57 | Peon |
| 27:57 | Peon |
| 27:57 | Peon |
| 29:28 | Critical Strike |
| 29:45 | Great Hall |
| 31:08 | Peon |
| 31:08 | Peon |
| 31:09 | Peon |
| 31:09 | Peon |
| 31:09 | Peon |
| 34:21 | Bladestorm |
| 34:32 | Lesser Clarity Potion |
| 34:34 | Potion of Mana |
| Right click | 1415 |
| Select | 255 |
| Select group | 140 |
| Build/train/purchase | 122 |
| Misc. action | 121 |
| Resource trade | 58 |
| Use ability | 22 |
| Chat | 19 |
| Assign group | 14 |
| Minimap ping | 5 |
| Esc | 2 |
⇛